 Dungeon Crawl Stone Soup version 0.28-a0-834-g1a73be5ee4 (webtiles) character file.

Game seed: 8369299701847670624

198 BinkBink the Slasher (level 6, -6/48 HPs)
             Began as a Human Fighter on Nov 11, 2021.
             Mangled by an orc warrior (9 damage)
             ... on level 4 of the Dungeon.
             The game lasted 00:03:28 (2962 turns).

BinkBink the Slasher (Human Fighter)                Turns: 2962, Time: 00:03:29

Health: -6/48      AC: 10    Str: 19    XL:     6   Next: 6%
Magic:  6/6        EV:  7    Int:  8    God:
Gold:   95         SH:  8    Dex: 12    Spells: 5/5 levels left

rFire   . . .      SeeInvis .   a - +0 long sword
rCold   . . .      Faith    .   i - +0 kite shield
rNeg    . . .      Spirit   .   b - +0 scale mail
rPois   .          Reflect  .   j - +2 helmet
rElec   .          Harm     .   (no cloak)
rCorr   .          Rampage  .   (no gloves)
Will    .....                   (no boots)
Stlth   ..........              (no amulet)
HPRegen 0.16/turn               (no ring)
MPRegen 0.10/turn               (no ring)

@: mighty
A: no striking features
a: no special abilities


You were on level 4 of the Dungeon.
You visited 1 branch of the dungeon, and saw 4 of its levels.

You collected 95 gold pieces.

Inventory:

Hand Weapons
 a - a +0 long sword (weapon)
Armour
 b - a +0 scale mail (worn)
 c - a +0 buckler
 i - a +0 kite shield (worn)
 j - a +2 helmet (worn)
Wands
 n - a wand of mindburst (14)
Scrolls
 f - a scroll of amnesia {unknown}
 h - 3 scrolls of identify {unknown}
 l - a scroll of enchant armour {unknown}
 m - a scroll of fog {unknown}
 p - a scroll of teleportation {unknown}
Potions
 e - a potion of brilliance
 g - 2 potions of haste {unknown}
 k - a potion of flight {unknown}
 o - 2 potions of attraction {unknown}


   Skills:
 + Level 3.9 Fighting
 + Level 4.0 Long Blades
 + Level 3.7 Armour
 + Level 0.5 Dodging
 + Level 0.2 Stealth
 + Level 3.6 Shields


You had 5 spell levels left.
You didn't know any spells.
Your spell library contained the following spells:

 Spells                   Type           Power      Damage    Failure   Level
 Shock                    Conj/Air       0%         1d3       99%         1
 Summon Small Mammal      Summ           0%         N/A       99%         1
 Call Canine Familiar     Summ           0%         N/A       100%        3
 Conjure Flame            Conj/Fire      0%         6-21      100%        3
 Ignite Poison            Fire/Tmut/Pois 0%         N/A       100%        3
 Summon Guardian Golem    Hex/Summ       0%         N/A       100%        3
 Swiftness                Air            0%         N/A       100%        3
 Airstrike                Air            0%         N/A       100%        4
 Sticky Flame             Conj/Fire      0%         2d3       100%        4


Dungeon Overview and Level Annotations

Branches:
Dungeon (4/15)
 Temple: D:4-7

Altars:
Elyvilon
Hepliaklqana
Ru


Message History

You hit the orc.
The orc is severely wounded.
The orc barely misses you. You block the orc's attack.
You closely miss the orc.
The orc is severely wounded.
The orc warrior shouts!
You hear a shout!
You block the orc's attack.
You barely miss the orc.
The orc is heavily wounded.
The orc barely misses you.
You hit the orc.
You kill the orc!
Your Long Blades skill increases to level 4!
An orc comes into view. It is wielding a +0 club.
Things that are here:
a +0 short sword; an orc corpse; an adder corpse You completely miss the orc warrior.
You block the orc warrior's attack. x2
You hit the orc warrior.
The orc warrior is moderately wounded.
The orc warrior hits you with a +0 vorpal long sword.
You hit the orc warrior but do no damage.
The orc warrior is moderately wounded.
The orc warrior hits you with a +0 vorpal long sword!
You hit the orc warrior.
The orc warrior is moderately wounded.
The orc warrior hits you but does no damage.
You block the orc warrior's attack.
You hit the orc warrior but do no damage.
The orc warrior is moderately wounded.
The orc warrior hits you with a +0 vorpal long sword!
* * * LOW HITPOINT WARNING * * *
x2 The orc warrior hits you with a +0 vorpal long sword!
* * * LOW HITPOINT WARNING * * *
x2
There is a stone staircase leading up here.
You feel very mighty all of a sudden. You block the orc warrior's attack.
You hit the orc warrior.
The orc warrior is heavily wounded.
The orc warrior hits you with a +0 vorpal long sword!
You die...

........ ###
#...... ..#
#..).. #.#
#.... #.#
#... #.# #..
#@# #.# #o#
#)# ## #o#
#.###.... #.#
#........
#.###.#######
#...o.#
#######


You could see an orc warrior and an orc.

Vanquished Creatures
  Natasha (thrice) (D:3)
  An orc wizard (D:3)
  3 adders
  2 worms
  3 dart slugs
  4 orcs
  6 ball pythons
  6 giant cockroaches
  4 goblins
  5 hobgoblins
  4 jackals
  5 bats
  2 frilled lizards
  6 kobolds
  7 rats
61 creatures vanquished.

Notes
Turn   | Place    | Note
-------+----------+-------------------------------------------
     0 | D:1      | BinkBink the Human Fighter began the quest for the Orb.
     0 | D:1      | Reached XP level 1. HP: 18/18 MP: 1/1
   290 | D:1      | Reached XP level 2. HP: 22/24 MP: 2/2
   629 | D:1      | Reached XP level 3. HP: 29/29 MP: 3/3
  1571 | D:2      | Reached XP level 4. HP: 34/35 MP: 4/4
  2235 | D:3      | Found a hazy altar of Hepliaklqana.
  2246 | D:3      | Found a white marble altar of Elyvilon.
  2371 | D:3      | Noticed Natasha
  2376 | D:3      | Killed Natasha
  2377 | D:3      | Reached skill level 3 in Long Blades
  2404 | D:3      | Found a faded altar of an unknown god.
  2434 | D:3      | Reached XP level 5. HP: 38/42 MP: 5/5
  2477 | D:3      | Noticed Natasha
  2484 | D:3      | Killed Natasha
  2636 | D:3      | Found a sacrificial altar of Ru.
  2706 | D:3      | Noticed Natasha
  2714 | D:3      | Killed Natasha
  2933 | D:4      | Noticed an orc warrior
  2940 | D:4      | Reached XP level 6. HP: 37/48 MP: 6/6
  2944 | D:4      | Reached skill level 4 in Long Blades
  2953 | D:4      | HP: 2/48 [orc warrior (8)]
  2962 | D:4      | Mangled by an orc warrior

Illustrated notes

Levels and vault maps discovered:
D:1:      dpeg_arrival_houses_and_road, layout_basic
D:2:      layout_loops_ring
D:3:      layout_basic, nicolae_overflow_hidden_temple, jmf_multi_god_temple,
          hellmonk_ecumenical_altar_run_dry, grunt_decor_cap, uniq_natasha
D:4:      minmay_opposing_rooms, layout_loops_ring,
          nicolae_uskayaw_murder_on_the_dancefloor, lemuel_round_altar,
          minmay_temple_entry_statues_fountains

Skill      XL: |  1  2  3  4  5  6 |
---------------+-------------------+-----
Long Blades    | 3 4 |  4.0
Fighting       | |  3.9
Armour         | |  3.7
Dodging        | |  0.5
Stealth        | |  0.2
Shields        | |  3.6

Action                   |  1- 3 |  4- 6 || total
-------------------------+-------+-------++-------
Melee: Long sword        |   102 |   119 ||   221
  Use: Potion            |       |     1 ||     1
Armor: Scale mail        |    60 |    56 ||   116
Dodge: Dodged            |    44 |    33 ||    77
Block: Buckler           |     6 |       ||     6
       Kite shield       |    30 |    50 ||    80

Table legend: (Time is in decaauts)
 A = Elapsed time spent in this place.
 B = Non-inter-level travel time spent in this place.
 C = Inter-level travel time spent in this place.
 D = Time resting spent in this place.
 E = Time spent auto-exploring this place.
 F = Levels seen in this place.
 G = Mean time per level.
                   A        B        C        D        E       F      G
               +--------+--------+--------+--------+--------+-----+--------+
         Total |   3078 |   2977 |    101 |      0 |   2421 |   4 |  769.5 |
       Dungeon |   3078 |   2977 |    101 |      0 |   2421 |   4 |  769.5 |
               +--------+--------+--------+--------+--------+-----+--------+

Top non-repeatable levels by time:
     D:3: 1108 daAuts
     D:1: 1091 daAuts
     D:2: 826 daAuts
     D:4: 51 daAuts
